 Dungeon Crawl Stone Soup version 0.21-a0-349-g0c35859 (webtiles) character file.

79 vishdafish the Skirmisher (level 4, -4/35 HPs)
             Began as a Demonspawn Fighter on Oct 7, 2017.
             Slain by a gnoll
             ... wielding a +0 flail
              (6 damage)
             ... on level 3 of the Dungeon.
             The game lasted 00:02:03 (1497 turns).

vishdafish the Skirmisher (Demonspawn Fighter)      Turns: 1497, Time: 00:02:04

Health: -4/35      AC:  6    Str: 21    XL:     4   Next: 16%
Magic:  4/4        EV:  7    Int: 11    God:
Gold:   117        SH:  9    Dex: 12    Spells: 3/3 levels left

rFire    . . .     SeeInvis .   a - +0 long sword
rCold    . . .     Gourm    .   c - +0 shield
rNeg     . . .     Faith    .   b - +0 scale mail
rPois    .         Spirit   .   (no helmet)
rElec    .         Reflect  .   (no cloak)
rCorr    .         Harm     .   (no gloves)
MR       .....     Rnd*Tele +   (no boots)
Stlth    ..........             (no amulet)
HPRegen  0.11/turn              e - ring of teleportation (curse)
MPRegen  0.09/turn              (no ring)

@: mighty
A: powered by death 1
a: no special abilities


You were on level 3 of the Dungeon.
You were not hungry.

You visited 1 branch of the dungeon, and saw 3 of its levels.

You collected 117 gold pieces.

Inventory:

Hand Weapons
 a - a +0 long sword (weapon)
Missiles
 g - a throwing net (quivered)
Armour
 b - a +0 scale mail (worn)
 c - a +0 shield (worn)
Jewellery
 e - a cursed ring of teleportation (left hand)
 l - an uncursed ring of ice {unknown}
Scrolls
 h - a scroll of noise {unknown}
 k - 3 scrolls of identify {unknown}
 n - a scroll of blinking {unknown}
Potions
 i - a potion of invisibility {unknown}
 j - 3 potions of curing {unknown}
 o - a potion of magic {unknown}
 p - a potion of agility {unknown}
Comestibles
 f - a bread ration
 m - a fruit
 q - a royal jelly


   Skills:
 + Level 3.4 Fighting
 * Level 2.7 Long Blades
 + Level 3.0 Armour
 + Level 1.1 Dodging
 + Level 3.1 Shields


You had 3 spell levels left.
You didn't know any spells.

Dungeon Overview and Level Annotations

Branches:
Dungeon (3/15)

Altars:
Elyvilon
Gozag
Wu Jian


Innate Abilities, Weirdness & Mutations

You regenerate a little health from kills.


Message History

The gnoll hits you with a spear. The gnoll closely misses you.
You riposte.
You slash the gnoll!
The gnoll is heavily wounded.
You are too injured to fight recklessly!
You are too injured to fight recklessly!
You hit the gnoll.
The gnoll is almost dead.
The gnoll hits you with a spear!
* * * LOW HITPOINT WARNING * * *
You block the gnoll's attack. The gnoll hits you but does no damage.
You feel very mighty all of a sudden. You block the gnoll's attack.
The gnoll hits you with a flail.
* * * LOW HITPOINT WARNING * * *
You barely miss the gnoll.
The gnoll is almost dead.
The gnoll hits you with a spear.
* * * LOW HITPOINT WARNING * * *
The gnoll hits you with a flail.
You die...

#.#.#.### ...
#........ ..
#........ ..
#......?. .
#........ .#
#.#........
....#.#........
......gg.......
.....##@#.##...
...............
.#...##.#....##
#.. #.#.....<
#. #.# ..... ..
... ..... # #..
.... ... ....
....


You could see 2 gnolls.

Vanquished Creatures
  2 gnolls (D:2)
  An ooze (D:2)
  2 worms (D:2)
  A dart slug (D:1)
  4 leopard geckos
  A giant cockroach (D:1)
  6 goblins
  7 hobgoblins (D:1)
  6 bats
  A frilled lizard (D:1)
  6 kobolds
  7 rats
44 creatures vanquished.

Notes
Turn   | Place    | Note
-------+----------+-------------------------------------------
     0 | D:1      | vishdafish the Demonspawn Fighter began the quest for the Orb.
     0 | D:1      | Reached XP level 1. HP: 18/18 MP: 1/1
   139 | D:1      | Gained mutation: You regenerate a little health from kills. [demonic ancestry]
   139 | D:1      | Reached XP level 2. HP: 23/24 MP: 2/2
   461 | D:1      | Reached XP level 3. HP: 28/29 MP: 3/3
   688 | D:2      | Reached skill level 1 in Dodging
   722 | D:2      | Found an opulent altar of Gozag.
   848 | D:2      | Found an ornate altar of the Wu Jian Council.
   848 | D:2      | Found a white marble altar of Elyvilon.
  1223 | D:2      | Reached XP level 4. HP: 13/35 MP: 4/4
  1497 | D:3      | Slain by a gnoll

Vault maps used:
D:1:      minmay_arrival_cross
D:2:      gammafunk_temple_overflow_statue,
          nicolae_gozag_cash_rules_everything_around_me
D:3:      lemuel_doored_altar

Skill      XL: |  1  2  3 |
---------------+----------+-----
Long Blades    | 2 |  2.7
Shields        | 3 |  3.1
Dodging        | 1 |  1.1
Armour         | 3 |  3.0
Fighting       | |  3.4

Action                   |  1- 3 |  4- 6 || total
-------------------------+-------+-------++-------
Melee: Long sword        |   145 |    18 ||   163
  Use: Potion            |       |     1 ||     1
  Eat: Chunk             |       |     2 ||     2
Armor: Scale mail        |    87 |     6 ||    93
Dodge: Dodged            |    56 |     6 ||    62
Block: Shield            |    84 |    12 ||    96
       Rpst.: Long sword |    14 |     5 ||    19

Table legend:
 A = Spawn XP
 B = Non-spawn XP
 C = Spawn XP percentage of total XP
 D = Spawn monster count
 E = Non-spawn monster count
 F = Spawn count percentage of total count
 G = Total turns spent on level
                    A         B        C        D         E        F      G
               +---------+---------+-------+---------+---------+-------+---------
         Total |       0 |     113 |   0.0 |       0 |      44 |   0.0 |  1497
               +---------+---------+-------+---------+---------+-------+---------
           D:1 |       0 |      51 |   0.0 |       0 |      30 |   0.0 |   632
           D:2 |       0 |      59 |   0.0 |       0 |      13 |   0.0 |   839
           D:3 |       0 |       3 |   0.0 |       0 |       1 |   0.0 |    26
               +---------+---------+-------+---------+---------+-------+---------
